[Event "ESTCC-65 2025"]
[Site "Swidnica"]
[Date "2025.04.08"]
[Round "4.13"]
[White "Maier, Christian"]
[Black "Westerinen, Heikki M.J."]
[Result "1/2-1/2"]
[Annotator "RC"]
[ECO "C10"]
[WhiteElo "2233"]
[BlackElo "2209"]
[PlyCount "117"]
[EventDate "2025.04.05"]
[EventType "team-tourn"]
[EventCountry "POL"]
[SourceTitle "playchess.com"]
[Source "ChessBase"]
[SourceQuality "1"]
[WhiteTeam "Germany"]
[BlackTeam "Finland"]
[WhiteTeamCountry "GER"]
[BlackTeamCountry "FIN"]
[TimeControl "40/5400+30:1800+30"]

1. e4 e6 2. d4 d5 3. Nc3 dxe4 4. Nxe4 Bd7 5. Nf3 Bc6 6. Bd3 Nd7 7. Bf4 Ngf6 8. Nxf6+ Nxf6 9. O-O Bxf3 10. Qxf3 c6 11. c3 Qd5 12. Qxd5 Nxd5 13. Bd2 O-O-O 14. Rfd1 Be7 15. a4 c5 16. dxc5 Bxc5 17. Be2 e5 18. b4 Be7 19. Rab1 f5 20. c4 Nf4 21. Bf1 Ne6 22. a5 Rd7 23. Bc3 Nd4 24. Bxd4 Rxd4 25. Rxd4 exd4 26. Bd3 g6 27. c5 a6 28. Kf1 Bg5 29. Ke2 Re8+ 30. Kd1 Kc7 31. Kc2 Bh4 32. Rf1 Bg5 33. Rd1 Bh4 34. g3 Bf6 35. Kb3 Re7 36. Kc4 Kc6 37. Bf1 Kc7 38. Kd3 Kc6 39. Kc4 Kc7 40. Bd3 Re8 41. Rb1 Re7 42. Rh1 Re5 43. h4 h5 44. Rb1 Re7 45. b5 axb5+ 46. Rxb5 Re1 47. Rb1 Re5 48. Rb6 Be7 49. Kxd4 Rxc5 50. Re6 Bd6 51. Rxg6 Rxa5 52. f4 Bb4 53. Rg5 Be1 54. Ke3 Ra3 55. Ke2 b5 56. Rxh5 Bxg3 57. Rxf5 Bxh4 58. Rxb5 Kd6 59. Rh5 1/2-1/2

[Event "ESTCC-65 2025"]
[Site "Swidnica"]
[Date "2025.04.08"]
[Round "4.14"]
[White "Joentausta, Hannu"]
[Black "Raupp, Thomas"]
[Result "1/2-1/2"]
[Annotator "RC"]
[ECO "D02"]
[WhiteElo "2081"]
[BlackElo "2247"]
[PlyCount "67"]
[EventDate "2025.04.05"]
[EventType "team-tourn"]
[EventCountry "POL"]
[SourceTitle "playchess.com"]
[Source "ChessBase"]
[SourceQuality "1"]
[WhiteTeam "Finland"]
[BlackTeam "Germany"]
[WhiteTeamCountry "FIN"]
[BlackTeamCountry "GER"]
[TimeControl "40/5400+30:1800+30"]

1. d4 d5 2. Nf3 Nf6 3. g3 c6 4. Bg2 Bf5 5. O-O h6 6. c4 e6 7. Nc3 Nbd7 8. b3 Be7 9. Bb2 O-O 10. Nd2 Re8 11. e4 dxe4 12. Ncxe4 Nxe4 13. Nxe4 Nf6 14. Nc5 Qb6 15. Na4 Qc7 16. Qe2 Rad8 17. Rfd1 Bg4 18. Bf3 Bxf3 19. Qxf3 b5 20. cxb5 cxb5 21. Rdc1 Qb8 22. Nc5 Nd5 23. a4 b4 24. Nd3 Bd6 25. Rc4 Rc8 26. Rac1 Qb7 27. Nc5 Qe7 28. Ne4 Rb8 29. Rc6 Bc7 30. Qe2 Rb6 31. Qc4 Rxc6 32. Qxc6 Rd8 33. Qa6 Bb8 34. Qb5 1/2-1/2

[Event "ESTCC-65 2025"]
[Site "Swidnica"]
[Date "2025.04.08"]
[Round "4.15"]
[White "Miltner, Arndt"]
[Black "Vinke, Dietmar"]
[Result "1-0"]
[Annotator "RC"]
[ECO "A00"]
[WhiteElo "2232"]
[BlackElo "2078"]
[PlyCount "67"]
[EventDate "2025.04.05"]
[EventType "team-tourn"]
[EventCountry "POL"]
[SourceTitle "playchess.com"]
[Source "ChessBase"]
[SourceQuality "1"]
[WhiteTeam "Germany"]
[BlackTeam "Finland"]
[WhiteTeamCountry "GER"]
[BlackTeamCountry "FIN"]
[TimeControl "40/5400+30:1800+30"]

1. b4 e5 2. Bb2 Bxb4 3. Bxe5 Nf6 4. c3 Be7 5. g3 Nc6 6. Bxf6 Bxf6 7. Bg2 d5 8. d4 O-O 9. e3 Ne7 10. Ne2 c6 11. O-O Nf5 12. Nd2 Nd6 13. Rc1 Re8 14. Nf4 Bg5 15. Nd3 Bf5 16. Ne5 f6 17. Nef3 Bh6 18. Qe2 Qd7 19. c4 Nxc4 20. Nxc4 dxc4 21. Rxc4 Be4 22. Rfc1 g6 23. Ne5 fxe5 24. Bxe4 exd4 25. Rxd4 Qe7 26. Rcd1 Rad8 27. Qc4+ Kh8 28. Rxd8 Rxd8 29. Rxd8+ Qxd8 30. Qf7 Bg5 31. Qxb7 Qd1+ 32. Kg2 Bxe3 33. Qf7 Bc5 34. Qe8+ 1-0

[Event "ESTCC-65 2025"]
[Site "Swidnica"]
[Date "2025.04.08"]
[Round "4.16"]
[White "Patola, Eero"]
[Black "Vatter, Hans-Joachim"]
[Result "1/2-1/2"]
[Annotator "RC"]
[ECO "D37"]
[WhiteElo "1872"]
[BlackElo "2192"]
[PlyCount "57"]
[EventDate "2025.04.05"]
[EventType "team-tourn"]
[EventCountry "POL"]
[SourceTitle "playchess.com"]
[Source "ChessBase"]
[SourceQuality "1"]
[WhiteTeam "Finland"]
[BlackTeam "Germany"]
[WhiteTeamCountry "FIN"]
[BlackTeamCountry "GER"]
[TimeControl "40/5400+30:1800+30"]

1. c4 e6 2. d4 Nf6 3. Nf3 d5 4. Nc3 dxc4 5. e4 b5 6. e5 Nd5 7. Nxd5 Qxd5 8. Be2 Bb7 9. a3 c5 10. Be3 cxd4 11. Bxd4 Nc6 12. Bc3 Qxd1+ 13. Bxd1 Bc5 14. O-O O-O 15. Bc2 Rfd8 16. Ng5 h6 17. Ne4 Bd4 18. Nd6 Rab8 19. Nxb7 Rxb7 20. Be4 Bxc3 21. bxc3 Rc7 22. f4 Ne7 23. a4 bxa4 24. Rxa4 Nd5 25. Rd1 Rdd7 26. Bxd5 Rxd5 27. Rxd5 exd5 28. Kf2 Rb7 29. Ke3 1/2-1/2

[Event "ESTCC-65 2025"]
[Site "Swidnica"]
[Date "2025.04.09"]
[Round "6"]
[White "Nunn, John D M"]
[Black "Vadlja, Stjepan"]
[Result "1-0"]
[Annotator "ChessBase"]
[ECO "C41"]
[WhiteElo "2528"]
[BlackElo "1697"]
[PlyCount "45"]
[EventDate "2025.04.05"]
[EventType "team-tourn"]
[EventCountry "POL"]
[SourceTitle "playchess.com"]
[Source "ChessBase"]
[SourceQuality "1"]
[WhiteTeam "England"]
[BlackTeam "Croatia"]
[WhiteTeamCountry "ENG"]
[BlackTeamCountry "CRO"]
[TimeControl "40/5400+30:1800+30"]

1. e4 e5 2. Nf3 d6 3. d4 Bg4 4. dxe5 Bxf3 5. Qxf3 dxe5 6. Bc4 Nf6 7. Qb3 Be7 8. Bxf7+ Kf8 9. Nd2 Nbd7 10. Bc4 Nb6 11. O-O Qd4 12. Bd3 Rd8 13. Nf3 Qd6 14. Ng5 Nfd5 15. exd5 Bxg5 16. Bxg5 Re8 17. Bb5 Rc8 18. Rae1 h6 19. Bd2 Kg8 20. Bb4 Qxd5 21. Qxd5+ Nxd5 22. Bc4 c6 23. Rxe5 1-0

[Event "ESTCC-65 2025"]
[Site "Swidnica"]
[Date "2025.04.09"]
[Round "6"]
[White "Mestel, A Jonathan"]
[Black "Novak, Stjepan"]
[Result "1-0"]
[Annotator "ChessBase"]
[ECO "B32"]
[WhiteElo "2449"]
[BlackElo "1671"]
[PlyCount "31"]
[EventDate "2025.04.05"]
[EventType "team-tourn"]
[EventCountry "POL"]
[SourceTitle "playchess.com"]
[Source "ChessBase"]
[SourceQuality "1"]
[WhiteTeam "England"]
[BlackTeam "Croatia"]
[WhiteTeamCountry "ENG"]
[BlackTeamCountry "CRO"]
[TimeControl "40/5400+30:1800+30"]

1. e4 c5 2. Nf3 Nc6 3. d4 e6 4. d5 exd5 5. exd5 Qe7+ 6. Be2 Ne5 7. O-O Nxf3+ 8. Bxf3 Qd6 9. Re1+ Be7 10. Na3 Kf8 11. Nc4 Qf6 12. d6 Bd8 13. Bd2 Qh4 14. Qe2 Nf6 15. Qe7+ Bxe7 16. dxe7+ 1-0

[Event "ESTCC-65 2025"]
[Site "Swidnica"]
[Date "2025.04.09"]
[Round "6"]
[White "Raupp, Thomas"]
[Black "Goormachtigh, Johan"]
[Result "0-1"]
[Annotator "ChessBase"]
[ECO "D97"]
[WhiteElo "2247"]
[BlackElo "2207"]
[PlyCount "56"]
[EventDate "2025.04.05"]
[EventType "team-tourn"]
[EventCountry "POL"]
[SourceTitle "playchess.com"]
[Source "ChessBase"]
[SourceQuality "1"]
[WhiteTeam "Germany"]
[BlackTeam "Belgium"]
[WhiteTeamCountry "GER"]
[BlackTeamCountry "BEL"]
[TimeControl "40/5400+30:1800+30"]

1. d4 Nf6 2. c4 g6 3. Nc3 d5 4. Nf3 Bg7 5. Qb3 dxc4 6. Qxc4 O-O 7. e4 Nc6 8. Be2 e5 9. d5 Nd4 10. Nxd4 exd4 11. Qxd4 c6 12. Qc4 b5 13. Qxc6 Bd7 14. Qd6 Re8 15. f3 Nh5 16. Be3 Be5 17. Qa6 f5 18. g3 f4 19. gxf4 Nxf4 20. Bxf4 Qh4+ 21. Bg3 Bxg3+ 22. Kd1 Bf4 23. Bxb5 Qf2 24. Be2 Rab8 25. Rb1 Rb4 26. Kc2 Rc8 27. Rhf1 Qc5 28. Rfd1 Ba4+ 0-1

[Event "ESTCC-65 2025"]
[Site "Swidnica"]
[Date "2025.04.09"]
[Round "6"]
[White "Rooze, Jan"]
[Black "Maier, Christian"]
[Result "0-1"]
[Annotator "ChessBase"]
[ECO "C50"]
[WhiteElo "2198"]
[BlackElo "2233"]
[PlyCount "76"]
[EventDate "2025.04.05"]
[EventType "team-tourn"]
[EventCountry "POL"]
[SourceTitle "playchess.com"]
[Source "ChessBase"]
[SourceQuality "1"]
[WhiteTeam "Belgium"]
[BlackTeam "Germany"]
[WhiteTeamCountry "BEL"]
[BlackTeamCountry "GER"]
[TimeControl "40/5400+30:1800+30"]

1. e4 e5 2. Nf3 Nc6 3. Bc4 Bc5 4. O-O d6 5. c3 Nf6 6. d3 a5 7. a4 Ba7 8. Be3 O-O 9. Nbd2 Ne7 10. Bb3 Ng6 11. Qc2 h6 12. Rae1 Nh5 13. d4 Qf6 14. dxe5 dxe5 15. Bxa7 Rxa7 16. Kh1 Nhf4 17. Rg1 Ra6 18. Bc4 Rd6 19. Bf1 b6 20. Nc4 Rdd8 21. Ne3 Nh3 22. Nd5 Rxd5 23. exd5 Bf5 24. Qd2 Nxg1 25. Kxg1 Qd6 26. Bc4 Bg4 27. Qe3 Bxf3 28. Qxf3 f5 29. Qd1 Kh7 30. Bf1 Rd8 31. Qh5 Qf6 32. c4 e4 33. Qe2 Qd4 34. Rd1 Qc5 35. Qe3 Rd6 36. Qc3 c6 37. Qb3 Ne5 38. dxc6 Ng4 0-1

[Event "ESTCC-65 2025"]
[Site "Swidnica"]
[Date "2025.04.09"]
[Round "6"]
[White "Janocha, Wieslaw"]
[Black "Sandner, Gunter"]
[Result "1-0"]
[Annotator "ChessBase"]
[ECO "A61"]
[WhiteElo "2186"]
[BlackElo "2243"]
[PlyCount "99"]
[EventDate "2025.04.05"]
[EventType "team-tourn"]
[EventCountry "POL"]
[SourceTitle "playchess.com"]
[Source "ChessBase"]
[SourceQuality "1"]
[WhiteTeam "Poland"]
[BlackTeam "Germany"]
[WhiteTeamCountry "POL"]
[BlackTeamCountry "GER"]
[TimeControl "40/5400+30:1800+30"]

1. d4 Nf6 2. c4 e6 3. Nf3 c5 4. d5 exd5 5. cxd5 d6 6. Nc3 g6 7. Nd2 a6 8. a4 Nbd7 9. e4 Bg7 10. Be2 O-O 11. O-O Re8 12. Re1 Rb8 13. h3 Qc7 14. Bf1 b6 15. Nc4 b5 16. axb5 axb5 17. Na5 c4 18. Nc6 Rb7 19. Ra5 Ne5 20. Nxb5 Rxb5 21. Rxb5 Nxc6 22. dxc6 Qxc6 23. Rb8 Nxe4 24. f3 Nf6 25. Rxe8+ Nxe8 26. Be3 d5 27. Bd4 Bf8 28. Qe1 Bc5 29. Bxc5 Qxc5+ 30. Kh1 Kf8 31. Qe5 f6 32. Rxc8 Qxc8 33. Qxd5 Ke7 34. Qxc4 Qxc4 35. Bxc4 Nd6 36. Bg8 h6 37. Kg1 Nf5 38. g4 Ne3 39. Bb3 f5 40. f4 fxg4 41. Kf2 Nf5 42. hxg4 Nd4 43. Ba2 g5 44. fxg5 hxg5 45. Ke3 Nc6 46. Ke4 Kf6 47. Bc4 Ne5 48. Be2 Ke6 49. b3 Nc6 50. Bc4+ 1-0

[Event "ESTCC-65 2025"]
[Site "Swidnica"]
[Date "2025.04.09"]
[Round "6"]
[White "Jahnel, Guenther"]
[Black "Zyla, Janusz"]
[Result "1/2-1/2"]
[Annotator "ChessBase"]
[ECO "D09"]
[WhiteElo "2148"]
[BlackElo "2181"]
[PlyCount "23"]
[EventDate "2025.04.05"]
[EventType "team-tourn"]
[EventCountry "POL"]
[SourceTitle "playchess.com"]
[Source "ChessBase"]
[SourceQuality "1"]
[WhiteTeam "Germany"]
[BlackTeam "Poland"]
[WhiteTeamCountry "GER"]
[BlackTeamCountry "POL"]
[TimeControl "40/5400+30:1800+30"]

1. d4 d5 2. c4 e5 3. dxe5 d4 4. Nf3 Nc6 5. g3 Nge7 6. Bg2 Ng6 7. O-O Ngxe5 8. Nbd2 Be7 9. Nxe5 Nxe5 10. Nf3 Nxf3+ 11. Bxf3 O-O 12. Qd3 1/2-1/2

[Event "ESTCC-65 2025"]
[Site "Swidnica"]
[Date "2025.04.09"]
[Round "6"]
[White "Vogel, Robert"]
[Black "Van Herck, Marcel"]
[Result "1/2-1/2"]
[Annotator "NA"]
[ECO "E09"]
[WhiteElo "2145"]
[BlackElo "1962"]
[PlyCount "120"]
[EventDate "2025.04.05"]
[EventType "team-tourn"]
[EventCountry "POL"]
[SourceTitle "playchess.com"]
[Source "ChessBase"]
[SourceQuality "1"]
[WhiteTeam "Germany"]
[BlackTeam "Belgium"]
[WhiteTeamCountry "GER"]
[BlackTeamCountry "BEL"]
[TimeControl "40/5400+30:1800+30"]

1. d4 d5 2. c4 e6 3. Nf3 c6 4. Nbd2 Nf6 5. g3 Nbd7 6. Bg2 Be7 7. O-O O-O 8. Qc2 b6 9. e4 dxe4 10. Nxe4 Bb7 11. Bf4 Nxe4 12. Qxe4 Nf6 13. Qe2 c5 14. Rfd1 Qc8 15. d5 Nh5 16. Bd2 Bf6 17. dxe6 g6 18. Bh6 Ng7 19. exf7+ Rxf7 20. Bf4 Re7 21. Qd2 Qe8 22. Bg5 Re2 23. Qd3 Bxb2 24. Rab1 Qe4 25. Bf1 Qxf3 26. Qxf3 Bxf3 27. Bxe2 Bxe2 28. Rd2 Bxc4 29. Rbxb2 Ne6 30. Be3 Kf7 31. Rd7+ Kf6 32. Rbd2 h5 33. a3 Bb5 34. R7d6 Rc8 35. f3 Ke7 36. R6d5 Bc6 37. Re5 Kf6 38. f4 Bf3 39. Rf2 Bg4 40. Bd2 Rd8 41. Bc3 Kf7 42. Rd2 Rxd2 43. Bxd2 Nd4 44. Kf2 Nf3 45. Rd5 Ke6 46. Rd8 Nxd2 47. Rxd2 c4 48. Ke3 Bf5 49. Kd4 Bd3 50. Rd1 Kd6 51. Re1 b5 52. Re5 Kc6 53. Rg5 a5 54. h3 Kb6 55. g4 hxg4 56. hxg4 b4 57. a4 Be2 58. Rxg6+ Kc7 59. Rg5 c3 60. Rxa5 Bxg4 1/2-1/2

[Event "ESTCC-65 2025"]
[Site "Swidnica"]
[Date "2025.04.09"]
[Round "6"]
[White "Dietze, Frank"]
[Black "Krupa, Krzysztof"]
[Result "0-1"]
[Annotator "NA"]
[ECO "A58"]
[WhiteElo "2102"]
[BlackElo "1919"]
[PlyCount "64"]
[EventDate "2025.04.05"]
[EventType "team-tourn"]
[EventCountry "POL"]
[SourceTitle "playchess.com"]
[Source "ChessBase"]
[SourceQuality "1"]
[WhiteTeam "Germany"]
[BlackTeam "Poland"]
[WhiteTeamCountry "GER"]
[BlackTeamCountry "POL"]
[TimeControl "40/5400+30:1800+30"]

1. d4 Nf6 2. c4 c5 3. d5 b5 4. cxb5 a6 5. bxa6 Bxa6 6. Nc3 g6 7. e4 Bxf1 8. Kxf1 Bg7 9. g3 O-O 10. Kg2 d6 11. Qe2 Nbd7 12. a4 e6 13. Nf3 exd5 14. exd5 Re8 15. Qd3 Ng4 16. Bf4 Qb6 17. Qd2 c4 18. Nb5 Be5 19. Bxe5 Ngxe5 20. Rhc1 Qc5 21. b4 Qb6 22. Qd4 Nxf3 23. Kxf3 Qd8 24. Kg2 Ne5 25. h3 Qd7 26. Rc2 g5 27. Nc3 Qf5 28. Qe4 Qf6 29. Raa2 Nd3 30. Qxc4 Ne1+ 31. Kf1 Qf3 32. Ne2 Qh1+ 0-1

[Event "ESTCC-65 2025"]
[Site "Swidnica"]
[Date "2025.04.09"]
[Round "6"]
[White "Hewson, Brian W R"]
[Black "Mueller, Gerhard"]
[Result "1/2-1/2"]
[Annotator "NA"]
[ECO "A06"]
[WhiteElo "2066"]
[BlackElo "2052"]
[PlyCount "41"]
[EventDate "2025.04.05"]
[EventType "team-tourn"]
[EventCountry "POL"]
[SourceTitle "playchess.com"]
[Source "ChessBase"]
[SourceQuality "1"]
[WhiteTeam "England"]
[BlackTeam "Germany"]
[WhiteTeamCountry "ENG"]
[BlackTeamCountry "GER"]
[TimeControl "40/5400+30:1800+30"]

1. Nf3 d5 2. g3 Nf6 3. Bg2 g6 4. d4 Bg7 5. c4 c6 6. Nbd2 O-O 7. O-O Nbd7 8. Qc2 b6 9. e4 dxe4 10. Nxe4 Nxe4 11. Qxe4 Bb7 12. Bf4 Nf6 13. Qe3 Ng4 14. Qe2 h6 15. Rad1 e6 16. Rfe1 Nf6 17. Be5 Rc8 18. b3 Qe7 19. Nd2 Rfd8 20. Ne4 Nxe4 21. Qxe4 1/2-1/2

[Event "ESTCC-65 2025"]
[Site "Swidnica"]
[Date "2025.04.09"]
[Round "6"]
[White "Stuer, Marc"]
[Black "Miltner, Arndt"]
[Result "1-0"]
[Annotator "ChessBase"]
[ECO "A41"]
[WhiteElo "2038"]
[BlackElo "2232"]
[PlyCount "73"]
[EventDate "2025.04.05"]
[EventType "team-tourn"]
[EventCountry "POL"]
[SourceTitle "playchess.com"]
[Source "ChessBase"]
[SourceQuality "1"]
[WhiteTeam "Belgium"]
[BlackTeam "Germany"]
[WhiteTeamCountry "BEL"]
[BlackTeamCountry "GER"]
[TimeControl "40/5400+30:1800+30"]

1. d4 d6 2. Nf3 Nf6 3. g3 Nbd7 4. Bg2 e5 5. O-O c6 6. c4 Be7 7. Nc3 O-O 8. e4 Re8 9. h3 a6 10. a4 a5 11. Be3 exd4 12. Nxd4 Nc5 13. Qc2 Bf8 14. Rfe1 g6 15. Rad1 Qc7 16. f4 h5 17. Bf2 Bh6 18. Nf3 Bf8 19. Bd4 Nfd7 20. f5 Ne5 21. Nxe5 dxe5 22. Be3 b6 23. g4 hxg4 24. hxg4 f6 25. g5 gxf5 26. exf5 fxg5 27. Ne4 Nxe4 28. Qxe4 Qf7 29. Rf1 Bd7 30. Bxb6 Rec8 31. Qe3 Be8 32. Qxe5 Qe7 33. Qg3 Bg7 34. Rfe1 Qb4 35. Bd4 Bxd4+ 36. Rxd4 Ra7 37. f6 1-0

[Event "ESTCC-65 2025"]
[Site "Swidnica"]
[Date "2025.04.09"]
[Round "6"]
[White "Lange, Torsten"]
[Black "Higgie, Charles L"]
[Result "0-1"]
[Annotator "NA"]
[ECO "A28"]
[WhiteElo "2025"]
[BlackElo "1992"]
[PlyCount "110"]
[EventDate "2025.04.05"]
[EventType "team-tourn"]
[EventCountry "POL"]
[SourceTitle "playchess.com"]
[Source "ChessBase"]
[SourceQuality "1"]
[WhiteTeam "Germany"]
[BlackTeam "England"]
[WhiteTeamCountry "GER"]
[BlackTeamCountry "ENG"]
[TimeControl "40/5400+30:1800+30"]

1. c4 Nf6 2. Nc3 e5 3. Nf3 Nc6 4. d4 exd4 5. Nxd4 Bb4 6. Bg5 h6 7. Bh4 Bxc3+ 8. bxc3 Ne5 9. e3 d6 10. Bg3 O-O 11. c5 Ne4 12. cxd6 Nxg3 13. hxg3 Qxd6 14. Nb5 Qc6 15. Qd4 Re8 16. Rh5 f5 17. c4 a6 18. Nc3 Qg6 19. Be2 Nc6 20. Qf4 Qf6 21. Rc1 Ne5 22. Nd5 Qd6 23. Qd4 c5 24. Qd2 b5 25. cxb5 Rd8 26. Rd1 Bb7 27. Nf4 Qf6 28. Qc2 Rxd1+ 29. Qxd1 axb5 30. Qb3+ c4 31. Qxb5 Nd3+ 32. Nxd3 Qa1+ 33. Nc1 Qxc1+ 34. Bd1 Rd8 35. Qxc4+ Qxc4 36. Bb3 Qxb3 37. axb3 Be4 38. f3 Bc2 39. b4 Rd1+ 40. Ke2 Rb1 41. Kd2 Ba4 42. Rxf5 Rxb4 43. Rf4 Rxf4 44. gxf4 Kf7 45. Kd3 Ke6 46. g3 Bd1 47. Ke4 g6 48. g4 Kf6 49. g5+ hxg5 50. fxg5+ Kxg5 51. f4+ Kf6 52. Kd5 Kf5 53. Kd4 Bc2 54. Kd5 Kg4 55. Ke5 Kf3 0-1

[Event "ESTCC-65 2025"]
[Site "Swidnica"]
[Date "2025.04.09"]
[Round "6"]
[White "Czajkowski, Ryszard"]
[Black "Topchii, Gennadii"]
[Result "1/2-1/2"]
[Annotator "NA"]
[ECO "A40"]
[WhiteElo "1963"]
[BlackElo "2012"]
[PlyCount "35"]
[EventDate "2025.04.05"]
[EventType "team-tourn"]
[EventCountry "POL"]
[SourceTitle "playchess.com"]
[Source "ChessBase"]
[SourceQuality "1"]
[WhiteTeam "Poland"]
[BlackTeam "Germany"]
[WhiteTeamCountry "POL"]
[BlackTeamCountry "GER"]
[TimeControl "40/5400+30:1800+30"]

1. d4 e6 2. c4 f5 3. Nf3 Nf6 4. g3 d5 5. Bg2 c6 6. O-O Bd6 7. b3 Qe7 8. Nc3 O-O 9. Bb2 Nbd7 10. cxd5 exd5 11. e3 Ne4 12. Ne2 Ng5 13. Nf4 Nxf3+ 14. Bxf3 Nf6 15. Nd3 Be6 16. Ne5 Nd7 17. Bg2 Bf7 18. Nxd7 1/2-1/2

[Event "ESTCC-65 2025"]
[Site "Swidnica"]
[Date "2025.04.09"]
[Round "6"]
[White "Reynolds, D Ian W"]
[Black "Becker, Norbert"]
[Result "1/2-1/2"]
[Annotator "NA"]
[ECO "B22"]
[WhiteElo "1926"]
[BlackElo "2032"]
[PlyCount "58"]
[EventDate "2025.04.05"]
[EventType "team-tourn"]
[EventCountry "POL"]
[SourceTitle "playchess.com"]
[Source "ChessBase"]
[SourceQuality "1"]
[WhiteTeam "England"]
[BlackTeam "Germany"]
[WhiteTeamCountry "ENG"]
[BlackTeamCountry "GER"]
[TimeControl "40/5400+30:1800+30"]

1. e4 c5 2. c3 g6 3. Nf3 Bg7 4. d4 cxd4 5. cxd4 d5 6. e5 Nc6 7. Nc3 Bg4 8. Be2 a6 9. h3 Bxf3 10. Bxf3 e6 11. O-O Nge7 12. b3 Nf5 13. Ne2 Qb6 14. Bb2 Nh4 15. Qd3 Nb4 16. Qd2 Nxf3+ 17. gxf3 Nc6 18. Ba3 Qa5 19. Qxa5 Nxa5 20. Rac1 Nc6 21. Rc2 Kd7 22. Kg2 Rhc8 23. Rfc1 Nd8 24. f4 Rxc2 25. Rxc2 Rc8 26. Rxc8 Kxc8 27. Kf3 Nc6 28. Ke3 Kd7 29. Nc1 b6 1/2-1/2

[Event "ESTCC-65 2025"]
[Site "Swidnica"]
[Date "2025.04.09"]
[Round "6"]
[White "Sobocanec, Alojz"]
[Black "Kosten, Anthony C."]
[Result "0-1"]
[Annotator "ChessBase"]
[ECO "E13"]
[WhiteElo "1792"]
[BlackElo "2366"]
[PlyCount "99"]
[EventDate "2025.04.05"]
[EventType "team-tourn"]
[EventCountry "POL"]
[SourceTitle "playchess.com"]
[Source "ChessBase"]
[SourceQuality "1"]
[WhiteTeam "Croatia"]
[BlackTeam "England"]
[WhiteTeamCountry "CRO"]
[BlackTeamCountry "ENG"]
[TimeControl "40/5400+30:1800+30"]

1. d4 Nf6 2. c4 e6 3. Nf3 Bb4+ 4. Nc3 b6 5. Bg5 h6 6. Bh4 Bb7 7. e3 Bxc3+ 8. bxc3 d6 9. Bd3 Nbd7 10. O-O Qe7 11. Re1 g5 12. Bg3 Ne4 13. Bxe4 Bxe4 14. Nd2 Bb7 15. e4 h5 16. f3 h4 17. Bf2 Nf6 18. h3 Nh5 19. Nf1 Nf4 20. Kh2 Qd7 21. Ne3 O-O-O 22. a4 f5 23. d5 fxe4 24. fxe4 Rhf8 25. Ng4 a5 26. Be3 Rde8 27. Bd4 e5 28. Be3 Qh7 29. Bg1 Nh5 30. Qb3 Ng3 31. Bxb6 cxb6 32. Qxb6 Qc7 33. Qa7 Qc5 34. Qxc5+ dxc5 35. Rab1 Ba6 36. Rb6 Bxc4 37. Rc6+ Kb8 38. Rxc5 Bd3 39. d6 Nxe4 40. Rxe5 Nxd6 41. g3 Rxe5 42. Rxe5 Rf1 43. gxh4 gxh4 44. Kg2 Rc1 45. Kf2 Nf5 46. Kf3 Rf1+ 47. Nf2 Ng3 48. Ke3 Re1+ 49. Kd4 Nf5+ 50. Kd5 0-1

[Event "ESTCC-65 2025"]
[Site "Swidnica"]
[Date "2025.04.09"]
[Round "6"]
[White "Petanjek, Zvonko"]
[Black "Baker, Chris W"]
[Result "0-1"]
[Annotator "ChessBase"]
[ECO "C02"]
[WhiteElo "1732"]
[BlackElo "2151"]
[PlyCount "48"]
[EventDate "2025.04.05"]
[EventType "team-tourn"]
[EventCountry "POL"]
[SourceTitle "playchess.com"]
[Source "ChessBase"]
[SourceQuality "1"]
[WhiteTeam "Croatia"]
[BlackTeam "England"]
[WhiteTeamCountry "CRO"]
[BlackTeamCountry "ENG"]
[TimeControl "40/5400+30:1800+30"]

1. e4 e6 2. d4 d5 3. e5 c5 4. c3 Nc6 5. Nf3 Qb6 6. Qb3 Bd7 7. Qxb6 axb6 8. Bb5 Nxe5 9. Bxd7+ Nxd7 10. Be3 Ne7 11. O-O Nf5 12. Nbd2 h5 13. a3 f6 14. b4 Ra4 15. h3 h4 16. Rfe1 Kf7 17. Ra2 Bd6 18. Nb3 cxb4 19. cxb4 Rha8 20. Rc1 Rxa3 21. Rxa3 Rxa3 22. Nfd2 Bxb4 23. Rb1 Nxe3 24. fxe3 Bxd2 0-1

[Event "ESTCC-65 2025"]
[Site "Swidnica"]
[Date "2025.04.10"]
[Round "7"]
[White "Kosten, Anthony C."]
[Black "Bowmer, Kevin"]
[Result "1-0"]
[Annotator "RC"]
[ECO "A36"]
[WhiteElo "2366"]
[BlackElo "2126"]
[PlyCount "61"]
[EventDate "2025.04.05"]
[EventType "team-tourn"]
[EventCountry "POL"]
[SourceTitle "playchess.com"]
[Source "ChessBase"]
[SourceQuality "1"]
[WhiteTeam "England"]
[BlackTeam "England"]
[WhiteTeamCountry "ENG"]
[BlackTeamCountry "ENG"]
[TimeControl "40/5400+30:1800+30"]

1. c4 c5 2. g3 g6 3. Bg2 Bg7 4. Nc3 Nc6 5. d3 d6 6. Qd2 e5 7. b3 Nge7 8. Bb2 Rb8 9. e3 a6 10. Nge2 b5 11. O-O O-O 12. h3 f5 13. Rad1 Kh8 14. f4 b4 15. Nd5 Nxd5 16. cxd5 Ne7 17. Kh2 a5 18. Rc1 Qb6 19. Ng1 Ba6 20. Rf2 Rfe8 21. e4 Rbc8 22. fxe5 dxe5 23. Nf3 Ng8 24. Ng5 Qf6 25. exf5 gxf5 26. Ne6 Rxe6 27. dxe6 Qxe6 28. Qe3 Ne7 29. Rxc5 Rxc5 30. Qxc5 Bxd3 31. Qxa5 1-0

[Event "ESTCC-65 2025"]
[Site "Swidnica"]
[Date "2025.04.10"]
[Round "7"]
[White "Sandner, Gunter"]
[Black "Beilfuss, Wilfried"]
[Result "1/2-1/2"]
[Annotator "ChessBase"]
[ECO "E05"]
[WhiteElo "2243"]
[BlackElo "2070"]
[PlyCount "29"]
[EventDate "2025.04.05"]
[EventType "team-tourn"]
[EventCountry "POL"]
[SourceTitle "playchess.com"]
[Source "ChessBase"]
[SourceQuality "1"]
[WhiteTeam "Germany"]
[BlackTeam "Germany"]
[WhiteTeamCountry "GER"]
[BlackTeamCountry "GER"]
[TimeControl "40/5400+30:1800+30"]

1. d4 Nf6 2. Nf3 e6 3. c4 d5 4. g3 dxc4 5. Bg2 Be7 6. Qc2 a6 7. a4 O-O 8. O-O Bd7 9. Qxc4 Bc6 10. Bg5 Nbd7 11. Nc3 h6 12. Bxf6 Nxf6 13. Rfe1 Bd5 14. Nxd5 exd5 15. Qc2 1/2-1/2

[Event "ESTCC-65 2025"]
[Site "Swidnica"]
[Date "2025.04.10"]
[Round "7"]
[White "Maier, Christian"]
[Black "Janocha, Wieslaw"]
[Result "0-1"]
[Annotator "ChessBase"]
[ECO "C47"]
[WhiteElo "2233"]
[BlackElo "2186"]
[PlyCount "86"]
[EventDate "2025.04.05"]
[EventType "team-tourn"]
[EventCountry "POL"]
[SourceTitle "playchess.com"]
[Source "ChessBase"]
[SourceQuality "1"]
[WhiteTeam "Germany"]
[BlackTeam "Poland"]
[WhiteTeamCountry "GER"]
[BlackTeamCountry "POL"]
[TimeControl "40/5400+30:1800+30"]

1. e4 e5 2. Nf3 Nf6 3. Nc3 Nc6 4. d4 exd4 5. Nxd4 Bb4 6. Nxc6 bxc6 7. Bd3 d5 8. exd5 O-O 9. O-O cxd5 10. h3 c6 11. Qf3 Rb8 12. Bf4 Bd6 13. b3 Be6 14. Rfe1 Re8 15. Rad1 Bxf4 16. Qxf4 Qa5 17. Na4 c5 18. Re5 Bd7 19. Rg5 h6 20. Rg3 Kh8 21. Re3 Bxa4 22. bxa4 c4 23. Bf5 Qxa4 24. Qc7 Kg8 25. Rde1 g6 26. Bxg6 fxg6 27. Re7 Rxe7 28. Rxe7 Re8 29. Rg7+ Kh8 30. Rxg6 Qd7 31. Rxh6+ Kg7 32. Qf4 Re1+ 33. Kh2 Qe6 34. Qg5+ Kf7 35. f4 d4 36. Qg6+ Ke7 37. Qg7+ Qf7 38. Qg5 Re6 39. Qc5+ Rd6 40. Qxa7+ Kf8 41. Qc5 Qe7 42. Qc8+ Kg7 43. Qh8+ Kf7 0-1